 Dungeon Crawl Stone Soup version 0.26.1-11-gd32895ea62 (webtiles) character file.

Game seed: 16565794386831265657

135 tardwrangler69 the Poker (level 5, -9/42 HPs)
             Began as a Merfolk Gladiator on Apr 27, 2021.
             Killed by divine providence
             ... invoked by an orc priest
              (12 damage)
             ... on level 3 of the Dungeon.
             The game lasted 00:01:52 (2715 turns).

tardwrangler69 the Poker (Merfolk Gladiator)        Turns: 2715, Time: 00:01:53

Health: -9/42      AC:  4    Str: 15    XL:     5   Next: 18%
Magic:  5/5        EV: 14    Int:  7    God:
Gold:   157        SH:  0    Dex: 16    Spells: 4/4 levels left

rFire    . . .     SeeInvis .   a - +0 trident
rCold    . . .     Faith    .   (no shield)
rNeg     . . .     Spirit   .   b - +0 leather armour
rPois    .         Reflect  .   c - +0 helmet
rElec    .         Harm     .   (no cloak)
rCorr    .         Rampage  .   (no gloves)
Will     .....                  (no boots)
Stlth    +.........             (no amulet)
HPRegen  0.14/turn              h - ring of flight
MPRegen  0.09/turn              (no ring)

@: no status effects
A: change form in water, swift swim, stealthy swim
a: Evoke Flight


You were on level 3 of the Dungeon.
You visited 1 branch of the dungeon, and saw 3 of its levels.

You collected 157 gold pieces.

Inventory:

Hand Weapons
 a - a +0 trident (weapon)
Missiles
 d - 3 throwing nets (quivered)
 n - 2 poisoned darts
Armour
 b - a +0 leather armour (worn)
 c - a +0 helmet (worn)
Jewellery
 h - a ring of flight (left hand)
Scrolls
 f - a scroll of identify
 l - a scroll of magic mapping {unknown}
 o - 2 scrolls of random uselessness {unknown}
 q - a scroll of immolation {unknown}
Potions
 e - a potion of curing {unknown}
 g - 2 potions of might {unknown}
 i - 3 potions of degeneration {unknown}
 j - a potion of mutation {unknown}
 m - 3 potions of haste {unknown}
 p - a potion of brilliance {unknown}


   Skills:
 + Level 3.6 Fighting
 * Level 7.3 Polearms
 - Level 2.0 Throwing
 - Level 4.0 Dodging


You had 4 spell levels left.
You didn't know any spells.
Your spell library was empty.

Dungeon Overview and Level Annotations

Branches:
Dungeon (3/15)

Altars:
Nemelex Xobeh


Message History

You hit the orc priest.
The orc priest is moderately wounded.
The orc priest closely misses you.
You puncture the orc priest!
The orc priest is severely wounded.
The orc priest calls upon Beogh to heal the orc priest.
The orc priest is healed somewhat.
You completely miss the orc priest.
The orc priest is heavily wounded.
The orc priest calls upon Beogh to heal the orc priest.
The orc priest is healed somewhat.
The orc priest invokes the aid of Beogh against you.
Beogh smites you!
* * * LOW HITPOINT WARNING * * *
You closely miss the orc priest.
The orc priest is lightly wounded.
The orc priest misses you.
The orc priest invokes the aid of Beogh against you.
Beogh smites you!
You die... [#.##.# #.# # ...#.## #.# # ...o. ..# # .... #.# oo#

##.# ######## #o#
..# #....... #.# #.#
#.##....
#o######.####......#
#oo@.............#.#
#############.####.#
#†##.... #.##....
#....... ####.)..
#.... #####


You could see 3 orc priests.

Vanquished Creatures
  4 gnolls
  3 adders (D:2)
  A worm (D:2)
  3 dart slugs
  2 orcs (D:3)
  2 giant cockroaches
  6 goblins
  8 hobgoblins
  6 jackals
  A quokka (D:3)
  6 bats
  2 frilled lizards (D:2)
  6 kobolds
  9 rats
59 creatures vanquished.

Notes
Turn   | Place    | Note
-------+----------+-------------------------------------------
     0 | D:1      | tardwrangler69 the Merfolk Gladiator began the quest for
                  | the Orb.
     0 | D:1      | Reached XP level 1. HP: 16/16 MP: 1/1
    40 | D:1      | Reached XP level 2. HP: 23/23 MP: 2/2
    44 | D:1      | Reached skill level 5 in Polearms
   493 | D:1      | Reached XP level 3. HP: 28/28 MP: 3/3
  1197 | D:1      | Reached skill level 6 in Polearms
  1410 | D:2      | Reached XP level 4. HP: 26/35 MP: 4/4
  1950 | D:2      | Reached skill level 7 in Polearms
  2134 | D:2      | Found a sparkling altar of Nemelex Xobeh.
  2231 | D:2      | Reached XP level 5. HP: 41/41 MP: 5/5
  2714 | D:3      | HP: 2/42 [orc priest/divine providence (10)]
  2715 | D:3      | Killed from afar by an orc priest

Illustrated notes

Levels and vault maps discovered:
D:1:      dpeg_arrival_orchard, layout_loops_ring, serial_aquarium,
          aquarium_bridge_long_separate [aquarium_subvault_bridge,
          aquarium_subvault_bridge, aquarium_subvault_window,
          aquarium_subvault_wall, aquarium_subvault_bridge,
          aquarium_subvault_bridge], aquarium_bridge_square
          [aquarium_subvault_bridge, aquarium_subvault_window,
          aquarium_subvault_bridge, aquarium_subvault_bridge],
          aquarium_window_fake, aquarium_window_1, aquarium_window_fake,
          aquarium_view_2e, aquarium_view_2b
D:2:      layout_basic, nemelex_xobeh_ov_fountains_minmay
D:3:      layout_loops_ring, lemuel_coloured_pillars_altar,
          nicolae_ru_great_annihilating_truth, uniq_crazy_yiuf_cottage,
          uniq_grinder

Skill      XL: |  1  2  3  4 |
---------------+-------------+-----
Polearms       | 5 6 7 |  7.3
Fighting       | 3 |  3.6
Throwing       | |  2.0
Dodging        | |  4.0

Action                   |  1- 3 |  4- 6 || total
-------------------------+-------+-------++-------
Melee: Trident           |   104 |    83 ||   187
  Use: Scroll            |       |     2 ||     2
 Stab: Sleeping          |     2 |     2 ||     4
       Distracted        |       |     1 ||     1
Armor: Leather armour    |    18 |     9 ||    27
Dodge: Dodged            |    58 |    44 ||   102
